 Dungeon Crawl Stone Soup version 0.26.1-11-gd32895ea62 (webtiles) character file.

Game seed: 1203022464627729095

151 nomophobia the Shield-Bearer (level 5, -5/49 HPs)
             Began as a Deep Dwarf Fighter on May 20, 2021.
             Slain by an orc warrior
             ... wielding a +0 trident
              (14 damage)
             ... on level 3 of the Dungeon.
             The game lasted 00:15:45 (2042 turns).

nomophobia the Shield-Bearer (Deep Dwarf Fighter)   Turns: 2042, Time: 00:15:46

Health: -5/49      AC:  7    Str: 21    XL:     5   Next: 10%
Magic:  5/5        EV:  7    Int:  8    God:
Gold:   80         SH:  9    Dex: 12    Spells: 4/4 levels left

rFire    . . .     SeeInvis .   a - +0 war axe
rCold    . . .     Faith    .   c - +0 kite shield
rNeg     . . .     Spirit   .   b - +0 scale mail
rPois    .         Reflect  .   (no helmet)
rElec    .         Harm     .   (no cloak)
rCorr    .         Rampage  .   (no gloves)
Will     .....                  (no boots)
Stlth    ..........             (no amulet)
HPRegen  0.00/turn              (no ring)
MPRegen  0.09/turn              (no ring)

@: non-regenerating
A: damage resistance, heal wounds, sense surroundings 1, no regeneration
a: Heal Wounds


You were on level 3 of the Dungeon.
You visited 1 branch of the dungeon, and saw 3 of its levels.

You collected 80 gold pieces.

Inventory:

Hand Weapons
 a - a +0 war axe (weapon)
Armour
 b - a +0 scale mail (worn)
 c - a +0 kite shield (worn)
Wands
 p - a wand of iceblast (4)
Scrolls
 e - 3 scrolls of identify
 f - a scroll of teleportation {unknown}
 h - a scroll of blinking {unknown}
 k - 3 scrolls of remove curse {unknown}
 l - a scroll of immolation {unknown}
 m - 3 scrolls of magic mapping {unknown}
Potions
 d - a potion of might
 g - a potion of flight {unknown}
 i - 2 potions of lignification
 j - a potion of degeneration {unknown}
 n - 3 potions of berserk rage {unknown}
 o - a potion of ambrosia {unknown}
 q - a potion of curing {unknown}


   Skills:
 + Level 3.5 Fighting
 + Level 3.4 Axes
 + Level 4.2 Armour
 + Level 4.3 Shields


You had 4 spell levels left.
You didn't know any spells.
Your spell library was empty.

Dungeon Overview and Level Annotations

Branches:
Dungeon (3/15)

Altars:


Innate Abilities, Weirdness & Mutations

You are resistant to damage.
You can heal yourself by infusing magical energy.
You passively map a small area around you.
You do not regenerate.


Message History

The orc wizard hits you with a +1 dagger of speed.
The orc warrior hits you but does no damage.
The orc wizard hits you with a +1 dagger of speed.
You closely miss the orc wizard.
The orc wizard is lightly wounded.
You block the orc wizard's attack.
The orc warrior hits you from afar with a +0 trident!
The orc wizard points at you and mumbles some strange words.
The puff of flame hits you!
You closely miss the orc wizard.
The orc wizard is lightly wounded.
You hear the slow rusting of a very distant drain.
You block the orc wizard's attack.
The orc warrior hits you from afar with a +0 trident!
* * * LOW HITPOINT WARNING * * *
The orc wizard hits you but does no damage.
You barely miss the orc wizard.
The orc wizard is lightly wounded.
The orc warrior hits you from afar with a +0 trident!
You die...

* #..# .#
** * #.##
# , * *
#.# * ,
#.# * * *
* #.# * *
#.#######
* ,
#........
*
#........
,
#@#.###.#
> ,
#o#.#⌠#.#
* *
#o#.###.#
,
*#o#,....#
, .o.
..... *
#.#* .###
#.# * #.#
, ,


You could see an orc warrior, an orc wizard and 2 orcs.

Vanquished Creatures
  A bullfrog zombie (D:3)
  A worker ant (D:2)
  A gnoll (D:2)
  5 adders (D:2)
  3 bats
  2 giant cockroaches
  5 goblins
  6 hobgoblins
  2 kobolds (D:1)
  A quokka (D:2)
  7 frilled lizards
  A quokka skeleton (D:2)
  6 rats
41 creatures vanquished.

Notes
Turn   | Place    | Note
-------+----------+-------------------------------------------
     0 | D:1      | nomophobia the Deep Dwarf Fighter began the quest for the
                  | Orb.
     0 | D:1      | Reached XP level 1. HP: 20/20 MP: 1/1
   330 | D:1      | Reached XP level 2. HP: 21/27 MP: 2/2
  1338 | D:2      | Reached XP level 3. HP: 32/34 MP: 3/3
  1662 | D:2      | Reached XP level 4. HP: 17/42 MP: 4/4
  2026 | D:3      | Reached XP level 5. HP: 27/49 MP: 5/5
  2031 | D:3      | Noticed an orc warrior
  2042 | D:3      | Slain by an orc warrior

Illustrated notes

Levels and vault maps discovered:
D:1:      minmay_arrival_diagonal_passages, layout_loops_ring
D:2:      layout_loops_ring, minmay_fractal_squares_5
D:3:      layout_loops_ring, grunt_gozag_statues, portal_sewer_entry_f,
          feat_on_display

Skill      XL: |  1  2  3  4 |
---------------+-------------+-----
Fighting       | 3 |  3.5
Axes           | 3 |  3.4
Armour         | 4 |  4.2
Shields        | 4 |  4.3

Action                   |  1- 3 |  4- 6 || total
-------------------------+-------+-------++-------
Melee: War axe           |   108 |    52 ||   160
 Abil: Heal Wounds       |     1 |     3 ||     4
  Use: Scroll            |       |     1 ||     1
Armor: Scale mail        |    51 |    23 ||    74
Dodge: Dodged            |    34 |    20 ||    54
Block: Kite shield       |    42 |    25 ||    67
